[Event "AUT 2nd BL Ost 2021-22"]
[Site "Austria"]
[Date "2022.04.03"]
[Round "10.1"]
[White "Loeffler, Stefan"]
[Black "Baumegger, Siegfried"]
[Result "0-1"]
[ECO "E11"]
[WhiteElo "2334"]
[BlackElo "2464"]
[Annotator "ChessBase"]
[PlyCount "57"]
[EventDate "2022.04.01"]
[EventType "team-tourn"]
[EventCountry "AUT"]
[SourceTitle "playchess.com"]
[Source "ChessBase"]
[SourceQuality "1"]
[TimeControl "40/5400+30:1800+30"]

1. d4 Nf6 2. c4 e6 3. Nf3 Bb4+ 4. Bd2 a5 5. Qc2 d6 6. g4 Nc6 7. g5 Nd7 8. Nc3 O-O 9. O-O-O e5 10. e3 Re8 11. Rg1 Bxc3 12. Bxc3 Qe7 13. a3 Nf8 14. Rg3 g6 15. dxe5 dxe5 16. Rd5 Be6 17. Rb5 Nd7 18. Qe4 Nc5 19. Qh4 Bf5 20. Bh3 Nd3+ 21. Kd2 Rad8 22. Bxf5 gxf5 23. Rd5 Nxf2 24. Ke2 f4 25. Rg1 Ne4 26. Bxe5 Rxd5 27. exf4 Nxe5 28. fxe5 Rxe5 29. Ke1 0-1

[Event "AUT 2nd BL Ost 2021-22"]
[Site "Austria"]
[Date "2022.04.03"]
[Round "10.2"]
[White "Sadilek, Peter"]
[Black "Ganaus, Hannes"]
[Result "0-1"]
[ECO "D30"]
[WhiteElo "2368"]
[BlackElo "2253"]
[Annotator "ChessBase"]
[PlyCount "62"]
[EventDate "2022.04.01"]
[EventType "team-tourn"]
[EventCountry "AUT"]
[SourceTitle "playchess.com"]
[Source "ChessBase"]
[SourceQuality "1"]
[TimeControl "40/5400+30:1800+30"]

1. d4 d5 2. c4 e6 3. Nf3 a6 4. g3 dxc4 5. Bg2 c5 6. O-O cxd4 7. Nxd4 e5 8. Nc2 Qxd1 9. Rxd1 Nc6 10. Nc3 Be6 11. Ne3 Nf6 12. Ned5 Nxd5 13. Nxd5 O-O-O 14. Nb6+ Kc7 15. Rxd8 Kxd8 16. Bxc6 bxc6 17. Be3 Bb4 18. Rc1 c3 19. bxc3 Ba5 20. Na4 Kc7 21. Nc5 Bc4 22. Rd1 Rb8 23. f4 Rb2 24. Rd7+ Kc8 25. Rd6 Bc7 26. Rxc6 Bb5 27. Rxc7+ Kxc7 28. fxe5 Rxe2 29. Bd4 Rxa2 30. e6 f6 31. Be3 Kd6 0-1

[Event "AUT 2nd BL Ost 2021-22"]
[Site "Austria"]
[Date "2022.04.03"]
[Round "10.3"]
[White "Batyte, Daiva"]
[Black "Kaphle, Sebastian"]
[Result "0-1"]
[ECO "E05"]
[WhiteElo "2105"]
[BlackElo "2345"]
[Annotator "ChessBase"]
[PlyCount "66"]
[EventDate "2022.04.01"]
[EventType "team-tourn"]
[EventCountry "AUT"]
[SourceTitle "playchess.com"]
[Source "ChessBase"]
[SourceQuality "1"]
[TimeControl "40/5400+30:1800+30"]

1. c4 Nf6 2. Nf3 e6 3. g3 Be7 4. Bg2 O-O 5. d4 d5 6. Nbd2 dxc4 7. Nxc4 c5 8. O-O Nc6 9. dxc5 Bxc5 10. Be3 Bxe3 11. Nxe3 Qe7 12. Nc4 Rd8 13. Qc2 e5 14. Rad1 Bg4 15. Rxd8+ Rxd8 16. e3 e4 17. Ng5 b5 18. Na3 Nb4 19. Qb1 Be2 20. Re1 Bd3 21. Qd1 h6 22. Nh3 g5 23. Qa1 Ng4 24. b3 Ne5 25. Rd1 Nf3+ 26. Kh1 Be2 27. Rxd8+ Qxd8 28. Ng1 Nd3 29. Nxf3 exf3 30. Bf1 Nxf2+ 31. Kg1 Qd2 32. Kxf2 Bxf1+ 33. Kxf3 Bg2+ 0-1

[Event "AUT 2nd BL Ost 2021-22"]
[Site "Austria"]
[Date "2022.04.03"]
[Round "10.4"]
[White "Sadilek, Maximilian"]
[Black "Lammer, Stefan"]
[Result "1-0"]
[ECO "E14"]
[WhiteElo "2263"]
[BlackElo "2131"]
[Annotator "ChessBase"]
[PlyCount "83"]
[EventDate "2022.04.01"]
[EventType "team-tourn"]
[EventCountry "AUT"]
[SourceTitle "playchess.com"]
[Source "ChessBase"]
[SourceQuality "1"]
[TimeControl "40/5400+30:1800+30"]

1. d4 Nf6 2. Nf3 e6 3. e3 c5 4. Nbd2 b6 5. Bd3 Bb7 6. O-O Be7 7. b3 d6 8. Bb2 Nbd7 9. c4 Qc7 10. Qe2 O-O 11. e4 cxd4 12. Nxd4 Rfe8 13. f4 Bf8 14. Nb5 Qc6 15. e5 Nc5 16. Bc2 Nfd7 17. b4 Na6 18. a3 d5 19. Nd4 Qc7 20. cxd5 exd5 21. Bd3 Nab8 22. Rac1 Qd8 23. N2f3 Nf6 24. Qc2 Ne4 25. Nd2 a5 26. Nxe4 dxe4 27. Bxe4 Bxe4 28. Qxe4 Nd7 29. Nc6 Qh4 30. Qd5 Qg4 31. f5 axb4 32. axb4 Nb8 33. h3 Qe2 34. Rf2 Qa6 35. e6 fxe6 36. fxe6 Qa2 37. Rxf8+ Rxf8 38. Ne7+ Kh8 39. Bxg7+ Kxg7 40. Qg5+ Kh8 41. Qe5+ Rf6 42. Qxf6# 1-0

[Event "AUT 2nd BL Ost 2021-22"]
[Site "Austria"]
[Date "2022.04.03"]
[Round "10.5"]
[White "Schweitzer, Werner"]
[Black "Cu Hor, Winston Darwin"]
[Result "0-1"]
[ECO "B23"]
[WhiteElo "2060"]
[BlackElo "2337"]
[Annotator "ChessBase"]
[PlyCount "82"]
[EventDate "2022.04.01"]
[EventType "team-tourn"]
[EventCountry "AUT"]
[SourceTitle "playchess.com"]
[Source "ChessBase"]
[SourceQuality "1"]
[TimeControl "40/5400+30:1800+30"]

1. e4 c5 2. Nc3 a6 3. f4 e6 4. g3 d5 5. exd5 exd5 6. Bg2 Nf6 7. Nf3 d4 8. Qe2+ Be7 9. Ne4 Nxe4 10. Qxe4 Nc6 11. O-O O-O 12. d3 Re8 13. Qe2 Bf6 14. Qf2 c4 15. Bd2 cxd3 16. cxd3 Bf5 17. Ne5 Nxe5 18. fxe5 Rxe5 19. Bf4 Rb5 20. Rad1 Qa5 21. b3 Qb6 22. Qf3 Qe6 23. Rc1 Re8 24. Rc7 h5 25. h4 b6 26. Rfc1 Qe2 27. Qb7 Qxd3 28. Rxf7 Rc5 29. Rc7 Re2 30. R7xc5 bxc5 31. Bd5+ Be6 32. Qc8+ Kf7 33. Qd7+ Be7 34. Rf1 Bxd5 35. Qxd5+ Kg6 36. g4 hxg4 37. h5+ Kh7 38. Qd7 g3 39. Qg4 g2 40. Rf2 Rxf2 41. Kxf2 Qf1+ 0-1

[Event "AUT 2nd BL Ost 2021-22"]
[Site "Austria"]
[Date "2022.04.03"]
[Round "10.6"]
[White "Leitner, Gerald"]
[Black "Mittermayr, Gerhard"]
[Result "1-0"]
[ECO "A94"]
[WhiteElo "2170"]
[BlackElo "2079"]
[Annotator "ChessBase"]
[PlyCount "87"]
[EventDate "2022.04.01"]
[EventType "team-tourn"]
[EventCountry "AUT"]
[SourceTitle "playchess.com"]
[Source "ChessBase"]
[SourceQuality "1"]
[TimeControl "40/5400+30:1800+30"]

1. Nf3 f5 2. d4 Nf6 3. g3 e6 4. Bg2 d5 5. O-O Bd6 6. c4 c6 7. b3 O-O 8. Ba3 Bxa3 9. Nxa3 Bd7 10. b4 Qe7 11. Qb3 Ne4 12. Rad1 a6 13. Ne5 b5 14. c5 a5 15. Nc2 axb4 16. Nxb4 Ra4 17. f3 Nxc5 18. Qb2 Nca6 19. Nbd3 Be8 20. Rd2 Qa7 21. Nf4 Nc7 22. Rc1 g5 23. Nh3 h6 24. Nf2 Na8 25. e3 f4 26. exf4 gxf4 27. Bh3 Nc7 28. Kh1 fxg3 29. hxg3 Qa5 30. Rcd1 Qb4 31. Qc2 Ra3 32. Rd3 Rxd3 33. Qxd3 Qe7 34. Qe3 Kg7 35. Nfg4 Rh8 36. Bf1 Nba6 37. Bd3 c5 38. Bb1 cxd4 39. Qxd4 Qc5 40. Qa1 d4 41. Rxd4 b4 42. Rc4 Qd5 43. Be4 Qd2 44. Ng6+ 1-0

[Event "AUT 2nd BL Ost 2021-22"]
[Site "Austria"]
[Date "2022.04.03"]
[Round "10.7"]
[White "Stohl, Igor"]
[Black "Lizak, Peter"]
[Result "1/2-1/2"]
[ECO "E90"]
[WhiteElo "2459"]
[BlackElo "2403"]
[Annotator "ChessBase"]
[PlyCount "76"]
[EventDate "2022.04.01"]
[EventType "team-tourn"]
[EventCountry "AUT"]
[SourceTitle "playchess.com"]
[Source "ChessBase"]
[SourceQuality "1"]
[TimeControl "40/5400+30:1800+30"]

1. d4 Nf6 2. c4 c5 3. d5 g6 4. Nc3 Bg7 5. e4 d6 6. Nf3 O-O 7. h3 e6 8. Bd3 Nbd7 9. Bg5 exd5 10. cxd5 h6 11. Bf4 Qe7 12. O-O g5 13. Bh2 g4 14. hxg4 Nxg4 15. Bg3 Nde5 16. Be2 Nxf3+ 17. gxf3 Nf6 18. Bh4 Qd7 19. f4 Qh3 20. Bxf6 Bxf6 21. Qd3 Qxd3 22. Bxd3 a6 23. Rfe1 Bd4 24. Ne2 Bxb2 25. Rab1 Ba3 26. e5 b5 27. Ng3 Bb4 28. Re2 Bg4 29. Rc2 Kh8 30. Ne4 Bf3 31. Nxd6 Rg8+ 32. Kh2 Bxd5 33. f3 Bxf3 34. Nxf7+ Kg7 35. Nd6 Kh8 36. Nf7+ Kg7 37. Nd6 Kh8 38. Nf7+ Kg7 1/2-1/2

[Event "AUT 2nd BL Ost 2021-22"]
[Site "Austria"]
[Date "2022.04.03"]
[Round "10.8"]
[White "Videki, Sandor"]
[Black "Peyrer, Konstantin"]
[Result "1-0"]
[ECO "A29"]
[WhiteElo "2402"]
[BlackElo "2301"]
[Annotator "ChessBase"]
[PlyCount "105"]
[EventDate "2022.04.01"]
[EventType "team-tourn"]
[EventCountry "AUT"]
[SourceTitle "playchess.com"]
[Source "ChessBase"]
[SourceQuality "1"]
[TimeControl "40/5400+30:1800+30"]

1. c4 Nf6 2. Nc3 e5 3. g3 d5 4. cxd5 Nxd5 5. Bg2 Nb6 6. d3 Nc6 7. Nf3 Be7 8. O-O O-O 9. Be3 Be6 10. Rc1 Qc8 11. a3 Nd5 12. Nxe5 Nxe3 13. Nxc6 Bc5 14. fxe3 Bxe3+ 15. Kh1 bxc6 16. Rb1 Qa6 17. Qa4 Qxa4 18. Nxa4 Ba2 19. Bxc6 Rab8 20. Ra1 Bb3 21. Nc3 Rfd8 22. Rf5 a6 23. Rf3 Bd4 24. Rc1 g6 25. e3 Rd6 26. exd4 Rxc6 27. Kg1 f5 28. Re1 Rd8 29. Rf4 Rcd6 30. Re7 Rxd4 31. Rxd4 Rxd4 32. Rxc7 Rxd3 33. Rc6 a5 34. Ra6 a4 35. Nxa4 Rd1+ 36. Kf2 Rd2+ 37. Ke3 Rxh2 38. Nc5 Bc4 39. Rb6 Kg7 40. Kd4 Bf7 41. a4 h5 42. a5 Rc2 43. b4 Rd2+ 44. Ke3 Rg2 45. Kf4 Ra2 46. a6 Rf2+ 47. Ke5 f4 48. gxf4 Ra2 49. Rb7 h4 50. Ne6+ Kg8 51. Rb8+ Kh7 52. Ng5+ Kg7 53. Rb7 1-0

[Event "AUT 2nd BL Ost 2021-22"]
[Site "Austria"]
[Date "2022.04.03"]
[Round "10.9"]
[White "Steindl, Johannes"]
[Black "Neumeier, Klaus"]
[Result "1-0"]
[ECO "B45"]
[WhiteElo "2237"]
[BlackElo "2271"]
[Annotator "ChessBase"]
[PlyCount "71"]
[EventDate "2022.04.01"]
[EventType "team-tourn"]
[EventCountry "AUT"]
[SourceTitle "playchess.com"]
[Source "ChessBase"]
[SourceQuality "1"]
[TimeControl "40/5400+30:1800+30"]

1. e4 c5 2. Nf3 Nc6 3. d4 cxd4 4. Nxd4 e6 5. Nc3 Nf6 6. Ndb5 Bc5 7. Bf4 O-O 8. Bc7 Qe7 9. Bd6 Bxd6 10. Qxd6 Qd8 11. O-O-O Qb6 12. Rd2 a6 13. Na3 Qb4 14. Nc4 b5 15. Qxb4 Nxb4 16. Nd6 Ra7 17. f4 Bb7 18. a3 Nc6 19. e5 Nh5 20. g3 f5 21. Be2 g6 22. Rhd1 Ba8 23. Ncxb5 axb5 24. Nxb5 Rb7 25. Rxd7 Rxd7 26. Rxd7 Rd8 27. Rc7 Ng7 28. Nd6 Nd4 29. Bc4 Bd5 30. b4 Bxc4 31. Rxc4 Nf3 32. b5 Rb8 33. b6 Rxb6 34. Rc8+ Ne8 35. Nxe8 Nxh2 36. Nf6+ 1-0

[Event "AUT 2nd BL Ost 2021-22"]
[Site "Austria"]
[Date "2022.04.03"]
[Round "10.10"]
[White "Hechl, Gerald"]
[Black "Steiner, Adam"]
[Result "0-1"]
[ECO "A01"]
[WhiteElo "2209"]
[BlackElo "2222"]
[Annotator "ChessBase"]
[PlyCount "68"]
[EventDate "2022.04.01"]
[EventType "team-tourn"]
[EventCountry "AUT"]
[SourceTitle "playchess.com"]
[Source "ChessBase"]
[SourceQuality "1"]
[TimeControl "40/5400+30:1800+30"]

1. b3 e5 2. Bb2 Nc6 3. c4 Nf6 4. e3 Be7 5. Nf3 e4 6. Nd4 d6 7. Nxc6 bxc6 8. Qc2 O-O 9. Nc3 Bf5 10. Ne2 Qd7 11. h3 h6 12. g4 Bh7 13. Rg1 c5 14. g5 hxg5 15. Rxg5 Ne8 16. Rg1 c6 17. Nf4 d5 18. O-O-O Bf6 19. Bxf6 Nxf6 20. Qb2 d4 21. d3 Rfd8 22. dxe4 Bxe4 23. Bg2 Qf5 24. Bxe4 Nxe4 25. h4 a5 26. Qc2 dxe3 27. fxe3 Qe5 28. Qb2 Nc3 29. Rde1 a4 30. Rg5 Nxa2+ 31. Kb1 Qxb2+ 32. Kxb2 Rd2+ 33. Kb1 axb3 34. Rc1 Nxc1 0-1

[Event "AUT 2nd BL Ost 2021-22"]
[Site "Austria"]
[Date "2022.04.03"]
[Round "10.11"]
[White "Wetscherek, Gerhard"]
[Black "Lucaci, Marius"]
[Result "0-1"]
[ECO "C02"]
[WhiteElo "2105"]
[BlackElo "2114"]
[Annotator "ChessBase"]
[PlyCount "64"]
[EventDate "2022.04.01"]
[EventType "team-tourn"]
[EventCountry "AUT"]
[SourceTitle "playchess.com"]
[Source "ChessBase"]
[SourceQuality "1"]
[TimeControl "40/5400+30:1800+30"]

1. e4 e6 2. d4 d5 3. e5 c5 4. c3 Nc6 5. Nf3 Qb6 6. Be2 f6 7. O-O Bd7 8. b3 Rc8 9. Be3 cxd4 10. Bxd4 Nxd4 11. cxd4 Be7 12. Qd3 Nh6 13. Nbd2 O-O 14. Rfc1 a6 15. Nf1 fxe5 16. dxe5 Ng4 17. Ne3 Nxe3 18. Rxc8 Rxc8 19. fxe3 Bb4 20. Kf2 Bb5 21. Qd4 Bc5 22. Qd2 Bxe2 23. Kxe2 Bb4 24. Qd1 Rc3 25. Nd4 Qc7 26. a3 Bc5 27. Qd2 Bxd4 28. Qxd4 Rxb3 29. Kf2 Qc2+ 30. Kf3 Rb2 31. g3 Qf2+ 32. Kg4 Qf5+ 0-1

[Event "AUT 2nd BL Ost 2021-22"]
[Site "Austria"]
[Date "2022.04.03"]
[Round "10.12"]
[White "Schmidrathner, Christian"]
[Black "Mayrhuber, Tobias"]
[Result "1/2-1/2"]
[ECO "C36"]
[WhiteElo "2013"]
[BlackElo "2037"]
[Annotator "NA"]
[PlyCount "177"]
[EventDate "2022.04.01"]
[EventType "team-tourn"]
[EventCountry "AUT"]
[SourceTitle "playchess.com"]
[Source "ChessBase"]
[SourceQuality "1"]
[TimeControl "40/5400+30:1800+30"]

1. e4 e5 2. f4 exf4 3. Nf3 d5 4. exd5 Nf6 5. Bb5+ Bd7 6. Bxd7+ Nbxd7 7. O-O Nxd5 8. c4 N5b6 9. d3 Be7 10. Bxf4 O-O 11. Nc3 Nc5 12. Qe2 Re8 13. Rad1 Ne6 14. Be3 c5 15. Qf2 f5 16. Ne2 Bf6 17. b3 Qc7 18. g3 Nd7 19. d4 g6 20. d5 Nd8 21. Nf4 Qd6 22. Nd3 b6 23. Bf4 Qf8 24. Bg5 Nf7 25. Bf4 Re4 26. Kg2 Rae8 27. Rfe1 Bc3 28. Bd2 Bxd2 29. Qxd2 Nf6 30. Nf4 Qd6 31. Ne6 Nd8 32. Nxd8 Qxd8 33. Rxe4 Nxe4 34. Qc1 Nd6 35. Re1 Rxe1 36. Qxe1 Ne4 37. Nd2 Qe7 38. Nxe4 fxe4 39. Qd1 Qd6 40. Kf2 Kf7 41. Qa1 b5 42. Ke3 bxc4 43. Qf1+ Ke8 44. Qxc4 Qf6 45. Qxe4+ Kd7 46. Qa4+ Kc8 47. Qg4+ Kb7 48. Qd7+ Kb8 49. Qb5+ Kc7 50. Qxc5+ Kd8 51. Qa5+ Kc8 52. Qd2 Qg5+ 53. Ke2 Qg4+ 54. Ke1 Qe4+ 55. Kd1 Kd7 56. Kc1 Qh1+ 57. Kb2 Qg1 58. a4 Qc5 59. Ka2 Kc8 60. Qe2 Kd8 61. Qc4 Qf2+ 62. Ka3 Qf6 63. Qh4 g5 64. Qe4 a5 65. Ka2 Qf2+ 66. Kb1 Qg1+ 67. Kb2 Qxh2+ 68. Ka3 Qxg3 69. Qe6 Qc3 70. Qg8+ Kd7 71. Qxh7+ Kd6 72. Qg6+ Kxd5 73. Qxg5+ Kc6 74. Qb5+ Kd6 75. Qa6+ Kc5 76. Qc8+ Kd4 77. Qh8+ Kd3 78. Qh3+ Kd4 79. Qg4+ Kc5 80. Qg1+ Kd5 81. Qd1+ Kc5 82. Ka2 Kb6 83. Kb1 Kb7 84. Qd5+ Kb6 85. Qb5+ Ka7 86. Qc4 Qd2 87. Qc2 Qe1+ 88. Ka2 Kb6 89. Qd1 1/2-1/2

[Event "AUT 2nd BL Ost 2021-22"]
[Site "Austria"]
[Date "2022.04.03"]
[Round "10.13"]
[White "Lipka, Juraj"]
[Black "Stanec, Nikolaus"]
[Result "1/2-1/2"]
[ECO "A50"]
[WhiteElo "2393"]
[BlackElo "2485"]
[Annotator "ChessBase"]
[PlyCount "34"]
[EventDate "2022.04.01"]
[EventType "team-tourn"]
[EventCountry "AUT"]
[SourceTitle "playchess.com"]
[Source "ChessBase"]
[SourceQuality "1"]
[TimeControl "40/5400+30:1800+30"]

1. d4 Nf6 2. c4 e6 3. Nf3 b6 4. g3 Bb7 5. Bg2 g6 6. O-O Bg7 7. Nc3 Ne4 8. Nxe4 Bxe4 9. Bg5 Qc8 10. Qd2 O-O 11. Bh6 d6 12. Rfd1 Nd7 13. Qf4 Bxh6 14. Qxe4 Rb8 15. Qc6 Nf6 16. Ne1 Qd7 17. Nd3 Qe7 1/2-1/2

[Event "AUT 2nd BL Ost 2021-22"]
[Site "Austria"]
[Date "2022.04.03"]
[Round "10.14"]
[White "Kummer, Helmut"]
[Black "Alvir, Aco"]
[Result "0-1"]
[ECO "A72"]
[WhiteElo "2248"]
[BlackElo "2337"]
[Annotator "ChessBase"]
[PlyCount "80"]
[EventDate "2022.04.01"]
[EventType "team-tourn"]
[EventCountry "AUT"]
[SourceTitle "playchess.com"]
[Source "ChessBase"]
[SourceQuality "1"]
[TimeControl "40/5400+30:1800+30"]

1. d4 Nf6 2. c4 g6 3. Nc3 Bg7 4. e4 d6 5. Be2 O-O 6. Bg5 c5 7. d5 e6 8. Nf3 exd5 9. cxd5 a6 10. a4 h6 11. Bf4 Bg4 12. h3 Bxf3 13. Bxf3 Qe7 14. O-O Nbd7 15. Re1 Nh7 16. Be2 Rfe8 17. Bf1 Bd4 18. Qd2 Qf6 19. Rad1 Ng5 20. h4 Nh7 21. Bxh6 Qxh4 22. Be3 Ne5 23. Be2 Bxc3 24. bxc3 Qxe4 25. a5 Qf5 26. Rb1 Re7 27. f3 Rae8 28. Bf2 g5 29. Rb6 Rd8 30. Bf1 Rdd7 31. c4 Nf8 32. Rb3 Nfg6 33. Rbe3 Qf6 34. Qc3 Rd8 35. Re4 Rde8 36. Qc1 Nf4 37. Qe3 Qh6 38. Qc1 Nh3+ 39. gxh3 Nxf3+ 40. Kg2 Rxe4 0-1

[Event "AUT 2nd BL Ost 2021-22"]
[Site "Austria"]
[Date "2022.04.03"]
[Round "10.15"]
[White "Kuthan, Andreas"]
[Black "Hechl, Fabian"]
[Result "1-0"]
[ECO "C01"]
[WhiteElo "2250"]
[BlackElo "2023"]
[Annotator "ChessBase"]
[PlyCount "83"]
[EventDate "2022.04.01"]
[EventType "team-tourn"]
[EventCountry "AUT"]
[SourceTitle "playchess.com"]
[Source "ChessBase"]
[SourceQuality "1"]
[TimeControl "40/5400+30:1800+30"]

1. d4 e6 2. e4 d5 3. exd5 exd5 4. Nf3 Nf6 5. Bd3 c5 6. O-O c4 7. Re1+ Be7 8. Bf1 O-O 9. b3 cxb3 10. axb3 Bf5 11. Ne5 Nc6 12. Nxc6 bxc6 13. Rxe7 Qxe7 14. Ba3 Qe4 15. Bxf8 Kxf8 16. c3 Bg4 17. Qd2 Qg6 18. Qf4 Nh5 19. Qd2 Re8 20. c4 a5 21. Nc3 dxc4 22. bxc4 Ra8 23. Na4 Qh6 24. Qc3 Qg5 25. Nc5 Nf4 26. Qg3 h6 27. Re1 a4 28. Re5 f5 29. h4 Ne2+ 30. Rxe2 Qc1 31. Qd6+ Kg8 32. Qe6+ Kh7 33. f3 a3 34. fxg4 a2 35. Qxf5+ Kh8 36. Nb3 Qc3 37. Qc2 a1=Q 38. Nxa1 Qxd4+ 39. Kh2 Qxa1 40. Qf5 Qd4 41. Re4 Qd6+ 42. Qf4 1-0

[Event "AUT 2nd BL Ost 2021-22"]
[Site "Austria"]
[Date "2022.04.03"]
[Round "10.16"]
[White "Froewis, Annika"]
[Black "Gschiel, Alexander"]
[Result "0-1"]
[ECO "B15"]
[WhiteElo "2065"]
[BlackElo "2109"]
[Annotator "ChessBase"]
[PlyCount "104"]
[EventDate "2022.04.01"]
[EventType "team-tourn"]
[EventCountry "AUT"]
[SourceTitle "playchess.com"]
[Source "ChessBase"]
[SourceQuality "1"]
[TimeControl "40/5400+30:1800+30"]

1. e4 c6 2. d4 d5 3. Nc3 dxe4 4. Nxe4 Nf6 5. Nxf6+ exf6 6. c3 Bd6 7. Bd3 O-O 8. Qc2 Re8+ 9. Ne2 h5 10. O-O h4 11. h3 Nd7 12. Bd2 Nf8 13. Rae1 Bc7 14. f4 g6 15. Kh1 f5 16. Rf3 Qd6 17. Ng1 Be6 18. Ref1 Bd5 19. R3f2 Ne6 20. Ne2 c5 21. c4 Be4 22. Bxe4 fxe4 23. d5 Nd4 24. Qc1 Bd8 25. Be3 Bf6 26. f5 Bg7 27. f6 Nxe2 28. Rxe2 Bxf6 29. Ref2 Bd4 30. Rxf7 Rf8 31. Bf4 Qa6 32. Re7 Qf6 33. Rxe4 g5 34. Qd1 Qf5 35. Qf3 gxf4 36. Re7 Rae8 37. Rxe8 Rxe8 38. d6 Re3 39. Qg4+ Qxg4 40. hxg4 Re6 41. b3 Rxd6 42. Kh2 Bf6 43. Re1 Kf7 44. g5 Bxg5 45. Re5 Kg6 46. Rxc5 Rd2 47. Kh3 Rd3+ 48. Kh2 h3 49. Rb5 f3 50. gxh3 Bf4+ 51. Kg1 Be3+ 52. Kh2 f2 0-1

[Event "AUT 2nd BL Ost 2021-22"]
[Site "Austria"]
[Date "2022.04.03"]
[Round "10.17"]
[White "Prinzjakowitsch, Bernhard"]
[Black "Pichler, Andreas"]
[Result "1-0"]
[ECO "C90"]
[WhiteElo "2091"]
[BlackElo "2070"]
[Annotator "NA"]
[PlyCount "115"]
[EventDate "2022.04.01"]
[EventType "team-tourn"]
[EventCountry "AUT"]
[SourceTitle "playchess.com"]
[Source "ChessBase"]
[SourceQuality "1"]
[TimeControl "40/5400+30:1800+30"]

1. e4 e5 2. Nf3 Nc6 3. Bb5 a6 4. Ba4 Nf6 5. O-O Be7 6. Re1 b5 7. Bb3 d6 8. c3 O-O 9. a4 Bb7 10. d4 Re8 11. Nbd2 Bf8 12. d5 Nb8 13. Nf1 c6 14. dxc6 Bxc6 15. Ng5 Re7 16. axb5 Bxb5 17. Ng3 g6 18. f4 Qc7 19. f5 Bg7 20. fxg6 hxg6 21. Nf1 Bc6 22. Ne3 Nbd7 23. Ba4 Nc5 24. Bxc6 Qxc6 25. Nd5 Nxd5 26. exd5 Qb5 27. Qf3 f6 28. Ne4 Nxe4 29. Qxe4 f5 30. Qh4 Kf7 31. Rd1 Rc8 32. Qa4 Qe2 33. Bd2 Ra7 34. Qc2 e4 35. Qc1 Be5 36. Be3 Raa8 37. Qd2 Qb5 38. Qf2 Rh8 39. g3 Rab8 40. Rd2 Ke7 41. Bg5+ Ke8 42. Qa7 Rb7 43. Qxa6 Qc5+ 44. Kg2 Qb5 45. Qxb5+ Rxb5 46. Ra7 Rb8 47. b4 Bxc3 48. Rc2 Bd4 49. Re7+ Kf8 50. Rcc7 Ra8 51. Rf7+ Kg8 52. h4 Ra2+ 53. Kf1 Ra1+ 54. Ke2 Ra2+ 55. Kd1 Rb2 56. Rfd7 Rb1+ 57. Kc2 Rb2+ 58. Kc1 1-0

[Event "AUT 2nd BL Ost 2021-22"]
[Site "Austria"]
[Date "2022.04.03"]
[Round "10.18"]
[White "Wu, Min"]
[Black "Horvath, Maria"]
[Result "1-0"]
[ECO "C45"]
[WhiteElo "1945"]
[BlackElo "1997"]
[Annotator "NA"]
[PlyCount "75"]
[EventDate "2022.04.01"]
[EventType "team-tourn"]
[EventCountry "AUT"]
[SourceTitle "playchess.com"]
[Source "ChessBase"]
[SourceQuality "1"]
[TimeControl "40/5400+30:1800+30"]

1. e4 e6 2. d3 Nc6 3. Nf3 e5 4. d4 exd4 5. Nxd4 Bc5 6. Nb3 Bb6 7. Nc3 a5 8. Nd5 Ba7 9. Qg4 g6 10. Qg3 d6 11. Qc3 f6 12. Be3 Bxe3 13. Qxe3 a4 14. Nd4 Nxd4 15. Qxd4 c6 16. Ne3 b5 17. Rd1 Ke7 18. Be2 Nh6 19. O-O Nf7 20. c4 bxc4 21. Bxc4 Ba6 22. f4 Qc7 23. e5 fxe5 24. fxe5 Nxe5 25. Qh4+ Kd7 26. Bxa6 Rxa6 27. Nc4 d5 28. Qh3+ Kd8 29. Qh4+ Kc8 30. Nxe5 Qxe5 31. Rde1 Qd6 32. Rf6 Qc5+ 33. Kh1 Rb6 34. Qg3 Rxb2 35. Qg4+ Kd8 36. Qg5 Kc7 37. Qe5+ Kc8 38. Qg5 1-0

[Event "AUT 2nd BL Ost 2021-22"]
[Site "Austria"]
[Date "2022.04.03"]
[Round "10.19"]
[White "Pernerstorfer, Max"]
[Black "Polak, Tomas"]
[Result "1-0"]
[ECO "B62"]
[WhiteElo "2063"]
[BlackElo "2520"]
[Annotator "ChessBase"]
[PlyCount "101"]
[EventDate "2022.04.01"]
[EventType "team-tourn"]
[EventCountry "AUT"]
[SourceTitle "playchess.com"]
[Source "ChessBase"]
[SourceQuality "1"]
[TimeControl "40/5400+30:1800+30"]

1. e4 c5 2. Nf3 Nc6 3. d4 cxd4 4. Nxd4 Nf6 5. Nc3 d6 6. Bg5 Bd7 7. Bb5 e6 8. f4 Be7 9. Qd3 h6 10. Bh4 g5 11. fxg5 Ng4 12. Bxc6 bxc6 13. Nf3 hxg5 14. Bg3 e5 15. O-O-O Qc7 16. h3 Nf6 17. Nxg5 Nh5 18. h4 f6 19. Nh3 Rb8 20. Qf3 Qb7 21. b3 Qb4 22. Be1 d5 23. g4 Ng7 24. Kb1 d4 25. Nd5 Qd6 26. Nxe7 Qxe7 27. g5 f5 28. Nf2 O-O 29. Qd3 Nh5 30. Bd2 f4 31. c3 c5 32. cxd4 cxd4 33. Qa6 Be6 34. Bc1 Rb6 35. Qa5 Qb7 36. Bb2 Rb5 37. Qa4 Rb8 38. Rd2 Rb4 39. Qa5 Rb5 40. Qa4 Kh7 41. Rc1 Rc8 42. Rxc8 Bxc8 43. Qc4 Ng7 44. Rc2 Be6 45. Qc7 Qa6 46. h5 Rb7 47. Qxe5 Qf1+ 48. Bc1 d3 49. g6+ Kg8 50. Rb2 Re7 51. h6 1-0

[Event "AUT 2nd BL Ost 2021-22"]
[Site "Austria"]
[Date "2022.04.03"]
[Round "10.20"]
[White "Belke, Frank"]
[Black "Scheffknecht, Philipp"]
[Result "1-0"]
[ECO "E70"]
[WhiteElo "2224"]
[BlackElo "2060"]
[Annotator "ChessBase"]
[PlyCount "203"]
[EventDate "2022.04.01"]
[EventType "team-tourn"]
[EventCountry "AUT"]
[SourceTitle "playchess.com"]
[Source "ChessBase"]
[SourceQuality "1"]
[TimeControl "40/5400+30:1800+30"]

1. d4 Nf6 2. c4 g6 3. Nc3 Bg7 4. e4 d6 5. Nge2 O-O 6. Ng3 h5 7. Bg5 Nh7 8. Be3 e5 9. d5 h4 10. Nge2 f5 11. f3 h3 12. Qd2 f4 13. Bf2 Bf6 14. O-O-O Ng5 15. Ng1 Kg7 16. gxh3 Rh8 17. h4 Nf7 18. Bh3 Bxh4 19. Bxc8 Qxc8 20. Bxh4 Rxh4 21. Qf2 Qh8 22. Nb5 Na6 23. Ne2 Qh5 24. Qg2 Rh8 25. Nxa7 Rxh2 26. Rxh2 Qxh2 27. Rg1 Qxg2 28. Rxg2 Nb4 29. Kd2 Nxa2 30. Nb5 c6 31. Nc7 Kf6 32. Kc2 Nb4+ 33. Kc3 c5 34. Kd2 Ng5 35. Ng1 Rc8 36. Nb5 Nf7 37. Rh2 Kg7 38. Ne2 Rh8 39. Rxh8 Kxh8 40. Nec3 Kg7 41. Nc7 Kf6 42. N3b5 Ke7 43. Ne6 Na6 44. Ke2 Nb8 45. Kf2 Nd7 46. Kg2 Nf8 47. Nec7 Ng5 48. Kf2 Nd7 49. Kg2 Nb6 50. b3 Nd7 51. Na8 Nf6 52. Nb6 Ne8 53. Nc8+ Kd7 54. Nb6+ Kd8 55. Kf2 Nf7 56. Na8 Ke7 57. Nb6 Kf6 58. Nc8 Kg5 59. Ne7 Kh5 60. Kg2 g5 61. Kh3 Nf6 62. Nf5 Ne8 63. Ne7 Nh6 64. Nc8 Nf7 65. Ne7 g4+ 66. fxg4+ Kg5 67. Nf5 b6 68. Nc3 Nf6 69. Ng7 Kg6 70. Nf5 Ng5+ 71. Kg2 Ngxe4 72. Nxe4 Nxe4 73. Kf3 Ng5+ 74. Kf2 Nf7 75. Kf3 Kg5 76. Ng7 e4+ 77. Kxe4 Kxg4 78. Ne8 f3 79. Nf6+ Kg5 80. Nh7+ Kh6 81. Nf6 Kg5 82. Nh7+ Kh6 83. Nf6 Ne5 84. Ke3 Kg5 85. Ne4+ Kg4 86. Nxd6 Kg3 87. Ne4+ Kg2 88. Nf2 Kg3 89. d6 Kg2 90. Ne4 Nd7 91. Nf2 Ne5 92. Ne4 Nd7 93. Nf2 Nf6 94. Nd3 Ng4+ 95. Kf4 Nf6 96. Ne1+ Kf2 97. Nxf3 Ke2 98. Ne5 Kd2 99. d7 Nxd7 100. Nxd7 Kc3 101. Nxb6 Kxb3 102. Ke5 1-0